 Dungeon Crawl Stone Soup version 0.31.0-11-ge490571c62 (webtiles) character file.

Game seed: 17767226779257966411

63 Bobbunny the Changeling (level 4, -2/34 HPs)
             Began as a Merfolk Shapeshifter on Jan 26, 2024.
             Slain by a goblin
             ... wielding a +0 club
             ... led by Robin
              (6 damage)
             ... on level 2 of the Dungeon.
             The game lasted 00:01:25 (1169 turns).

Bobbunny the Changeling (Merfolk Shapeshifter)      Turns: 1169, Time: 00:01:25

Health: -2/34      AC:  5    Str: 16    XL:     4   Next: 10%
Magic:  4/4        EV: 11    Int:  9    God:
Gold:   95         SH:  0    Dex: 13    Spells: 3/3 levels left

rFire   . .          .
                       - Unarmed
rCold   . . .        (no shield)
rNeg    . . .        l - +0 ring mail
rPois   .            (helmet currently unavailable)
rElec   .            (cloak currently unavailable)
rCorr   .            (gloves currently unavailable)
SInv    .            (boots currently unavailable)
Will    .....        (no amulet)
Stlth   +            (no ring)
HPRegen 0.25/turn    (no ring)
MPRegen 0.09/turn

%: no passive effects
@: beast-form
A: beast (slay +2), (nimble swimmer 2), mertail
a: Begin Untransformation


You were on level 2 of the Dungeon.
You were a hulking beast.
You visited 1 branch of the dungeon, and saw 2 of its levels.

You collected 95 gold pieces.

Inventory:

Armour
 l - a +0 ring mail (worn)
Jewellery
 o - a ring of protection from fire
Talismans
 c - a beast talisman
 d - a flux talisman
Scrolls
 e - a scroll of vulnerability {unknown}
 h - a scroll of acquirement {unknown}
 k - a scroll of silence {unknown}
 m - a scroll of poison {unknown}
 n - a scroll of torment {unknown}
Potions
 b - a potion of lignification
 f - a potion of magic {unknown}
 g - a potion of curing {unknown}
 i - a potion of cancellation {unknown}
 j - a potion of mutation {unknown}


   Skills:
 + Level 2.5 Fighting
 - Level 3.0 Dodging
 + Level 4.0 Unarmed Combat
 + Level 4.7 Shapeshifting


You had 3 spell levels left.
You didn't know any spells.
Your spell library contained the following spells:

 Spells                   Type           Power      Damage    Failure   Level
 Orb of Destruction       Conj           0%         9d5       100%        7
 Lehudib's Crystal Spear  Conj/Erth      0%         10d2      100%        8


Dungeon Overview and Level Annotations

Branches:
Dungeon (2/15)

Altars:
Gozag

Annotations:
D:2 Robin


Innate Abilities, Weirdness & Mutations

You are a hulking beast.
Your limbs bulge with bestial killing power. (Slay +2)
((You are very nimble when in or above water. (Stealth+, EV+, Speed+++)))
Your lower body shifts to a powerful aquatic tail in water.


Message History

A goblin comes into view. It is wielding a +0 club. x2
The goblin hits you with a +0 club.
The goblin moves out of view.
You miss the goblin. The goblin barely misses you.
You punch the goblin!
You kill the goblin!
You barely miss the hobgoblin. The hobgoblin barely misses you.
You hit the hobgoblin.
The hobgoblin is heavily wounded.
Robin throws the goblin at you!
The hobgoblin hits you but does no damage.
The goblin hits you but does no damage.
You closely miss the goblin. The hobgoblin hits you.
The goblin barely misses you.
You closely miss the goblin. The hobgoblin barely misses you.
You closely miss the goblin. The goblin barely misses you.
You barely miss the goblin. The hobgoblin completely misses you.
The goblin hits you with a +0 dagger.
Robin roars a battlecry!
The goblins go into a battle-frenzy!
You hit the goblin.
The goblin is severely wounded.
The hobgoblin closely misses you. The goblin hits you with a +0 dagger.
* * * LOW HITPOINT WARNING * * *
You hit the goblin.
You kill the goblin!
Robin roars a battlecry!
The goblin goes into a battle-frenzy!
The hobgoblin barely misses you.
You hear a shout!
Robin throws the goblin at you!
The hobgoblin attacks as it pursues you!
The hobgoblin barely misses you. The goblin hits you with a +0 club.
* * * LOW HITPOINT WARNING * * *
You see here a +0 dagger.
As you read the scroll labelled NAGGIFROADE, it crumbles to dust.
The creatures around you are filled with an inner flame!
It was a scroll of immolation.
The hobgoblin hits you.
* * * LOW HITPOINT WARNING * * *
The goblin hits you with a +0 club.
You die...

### ###.# ################
#.... #..>!. ........# #....
######.#w##########.## #....
#....†.S.ggghg.......## ###..
#....#†########.##.#..#####.#
#... #.. #.............. #..
.g.. ###.....##.##.# #.
.g.... #.....##.##.. #
Sg...$.. ####..##.####
.g........ ##.........
gg.######### #.####....# #.#
#.##.#


You could see Robin (inner flame), an adder (inner flame), a dart slug (inner
flame), a hobgoblin (inner flame, strong) and 2 goblins.

Vanquished Creatures
  An adder (D:2)
  3 dart slugs
  A ribbon worm (D:2)
  7 endoplasms
  2 giant cockroaches (D:1)
  2 goblins (D:2)
  2 hobgoblins (D:1)
  4 jackals (D:1)
  A quokka (D:1)
  5 ball pythons (D:2)
  6 bats
  4 frilled lizards (D:1)
  4 kobolds
  2 rats
44 creatures vanquished.

Notes
Turn   | Place    | Note
-------+----------+-------------------------------------------
     0 | D:1      | Bobbunny the Merfolk Shapeshifter began the quest for the
                  | Orb.
     0 | D:1      | Reached XP level 1. HP: 15/15 MP: 1/1
   207 | D:1      | Reached XP level 2. HP: 21/21 MP: 2/2
   386 | D:1      | Got Sif Muna's Textbook on the Impact
   420 | D:1      | Reached XP level 3. HP: 27/27 MP: 3/3
   779 | D:2      | Found an opulent altar of Gozag.
  1151 | D:2      | Noticed Robin
  1153 | D:2      | Reached XP level 4. HP: 19/34 MP: 4/4
  1169 | D:2      | Slain by a goblin

Illustrated notes

Levels and vault maps discovered:
D:1:      dpeg_chamrin_arrival_tetris, layout_loops_ring
D:2:      layout_basic, basic_altar, uniq_robin

Skill      XL: |  1  2  3 |
---------------+----------+-----
Dodging        | 3 |  3.0
Fighting       | 2 |  2.5
Unarmed Combat | 4 |  4.0
Shapeshifting  | |  4.7

Action                     |  1- 3 |  4- 6 || total
---------------------------+-------+-------++-------
  Melee: Unarmed           |    96 |    10 ||   106
         Punch             |     4 |       ||     4
    Use: Scroll            |       |     1 ||     1
   Stab: Sleeping          |     2 |       ||     2
 Armour: Animal skin       |    22 |       ||    22
         Ring mail         |    27 |    11 ||    38
  Dodge: Dodged            |    45 |     9 ||    54
